 Dungeon Crawl Stone Soup version 0.27.1-16-g815e20cd7a (webtiles) character file.

Game seed: 15825467744802227778

6 Eitelfritz the Firebug (level 1, -2/13 HPs)
             Began as a Demonspawn Fire Elementalist on Nov 22, 2021.
             Slain by a goblin (4 damage)
             ... on level 1 of the Dungeon.
             The game lasted 00:01:26 (446 turns).

Eitelfritz the Firebug (DsFE)                        Turns: 446, Time: 00:01:26

Health: -2/13      AC:  2    Str:  8    XL:     1   Next: 75%
Magic:  1/3        EV: 12    Int: 16    God:
Gold:   23         SH:  0    Dex: 13    Spells: 3/4 levels left

rFire    . . .     SeeInvis .   (no weapon)
rCold    . . .     Faith    .   (no shield)
rNeg     . . .     Spirit   .   a - +0 robe
rPois    .         Reflect  .   (no helmet)
rElec    .         Harm     .   (no cloak)
rCorr    .         Rampage  .   (no gloves)
Will     .....                  (no boots)
Stlth    ++........             (no amulet)
HPRegen  0.04/turn              (no ring)
MPRegen  0.08/turn              (no ring)

@: no status effects
A: no striking features
a: no special abilities


You were on level 1 of the Dungeon.
You visited 1 branch of the dungeon, and saw 1 of its levels.

You collected 23 gold pieces.

Inventory:

Missiles
 b - 16 poisoned darts
Armour
 a - a +0 robe (worn)
Scrolls
 c - a scroll of brand weapon {unknown}


   Skills:
 + Level 1.9 Dodging
 + Level 1.7 Stealth
 + Level 2.2 Spellcasting
 + Level 1.0 Conjurations
 + Level 2.8 Fire Magic


You had 3 spell levels left.
You knew the following spells:

 Your Spells              Type           Power      Damage    Failure   Level
a - Foxfire               Conj/Fire      28%        2x1d5     10%         1

Your spell library contained the following spells:

 Spells                   Type           Power      Damage    Failure   Level
 Magic Dart               Conj           20%        1d4       14%         1
 Conjure Flame            Conj/Fire      7%         6-21      28%         3
 Call Imp                 Summ           1%         N/A       30%         2
 Inner Flame              Hex/Fire       6%         N/A       34%         3
 Mephitic Cloud           Conj/Pois/Air  2%         N/A       47%         3
 Sticky Flame             Conj/Fire      7%         2d3       67%         4
 Fireball                 Conj/Fire      3%         3d4       95%         5


Dungeon Overview and Level Annotations

Branches:
Dungeon (1/15)

Altars:


Message History

The bat hits you but does no damage. The bat misses you.
The bat barely misses you.
Casting: Foxfire (safe; 10% risk of failure)
Press: ? - help, Q - select action, (/) - cycle Dir - look around, f - activate You conjure some foxfire!
The foxfire hits the bat.
You kill the bat!
Your foxfire dissipates!
Found a book of Minor Magic.
Found 15 gold pieces.
You pick up a book of Minor Magic and begin reading...
You add the spells Magic Dart, Call Imp and Mephitic Cloud to your library.
A goblin comes into view. It is wielding a +0 club.
You see here 15 gold pieces.
The goblin shouts!
The goblin hits you but does no damage.
Casting: Foxfire (safe; 10% risk of failure)
Press: ? - help, Q - select action, (/) - cycle Dir - look around, f - activate You conjure some foxfire!
The goblin hits you with a +0 club.
Your foxfire dissipates!
Casting: Foxfire (safe; 10% risk of failure)
Press: ? - help, Q - select action, (/) - cycle Dir - look around, f - activate You conjure some foxfire!
The goblin closely misses you.
Your foxfire dissipates!
You see here 15 gold pieces.
Casting: Foxfire (safe; 10% risk of failure)
Press: ? - help, Q - select action, (/) - cycle Dir - look around, f - activate You conjure some foxfire!
The goblin hits you with a +0 club.
You miss the goblin. The goblin hits you with a +0 club.
You closely miss the goblin. The goblin hits you with a +0 club.
* * * LOW HITPOINT WARNING * * *
You hit the goblin but do no damage. The goblin misses you.
Your foxfire dissipates!
You barely miss the goblin. The goblin barely misses you.
You barely miss the goblin. The goblin closely misses you.
You closely miss the goblin. The goblin hits you with a +0 club.
You die...

#.# #.....##########
#.# #.....# #.#
#.....# #.# #.#####
#.# #.# #$#
#.############## #.#
#(..............
#.###################.
#...g@....# #.
#########.# #. #.# #.
#.# #. #.# #. #.# #.
#.# #† #.# #. #.# #.


You could see a goblin.

Vanquished Creatures
  2 bats (D:1)
  An endoplasm (D:1)
  A giant cockroach (D:1)
  A frilled lizard (D:1)
5 creatures vanquished.

Vanquished Creatures (others)
  11 foxfires (D:1)
11 creatures vanquished.

Grand Total: 16 creatures vanquished

Notes
Turn   | Place    | Note
-------+----------+-------------------------------------------
     0 | D:1      | Eitelfritz the Demonspawn Fire Elementalist began the quest
                  | for the Orb.
     0 | D:1      | Reached XP level 1. HP: 13/13 MP: 3/3
   446 | D:1      | Slain by a goblin

Illustrated notes

Levels and vault maps discovered:
D:1:      lemuel_arrival_lava_pool, layout_basic

Action                   || total
-------------------------++-------
Melee: Unarmed           ||    19
 Cast: Foxfire           ||    14
Armor: Robe              ||    11
Dodge: Dodged            ||    31
